 Dungeon Crawl Stone Soup version 0.30-a0-142-g7370640ec8 (webtiles) character file.

Game seed: 10376401179923758390

51 Ghostare the Shooter (level 4, 0/33 HPs)
             Began as a Human Hunter on Sept 26, 2022.
             Killed from afar by Natasha (5 damage)
             ... with a magic dart
             ... on level 2 of the Dungeon.
             The game lasted 00:12:51 (1609 turns).

Ghostare the Shooter (Human Hunter)                 Turns: 1609, Time: 00:12:52

Health: 0/33       AC:  7    Str: 12    XL:     4   Next: 5%
Magic:  4/4        EV:  9    Int:  9    God:
Gold:   54         SH:  0    Dex: 18    Spells: 3/3 levels left

rFire   . . .      SeeInvis .    a - +0 shortbow
rCold   . . .      Faith    .    (shield currently unavailable)
rNeg    . . .      Spirit   .    g - +1 scale mail
rPois   .          Reflect  .    (no helmet)
rElec   .          Harm     .    (no cloak)
rCorr   .          Rampage  .    (no gloves)
Will    .....                    (no boots)
Stlth   +.........               (no amulet)
HPRegen 0.11/turn                (no ring)
MPRegen 0.09/turn                (no ring)

@: hasted, very quick
A: no striking features
a: no special abilities


You were on level 2 of the Dungeon.
You visited 1 branch of the dungeon, and saw 2 of its levels.

You collected 54 gold pieces.

Inventory:

Hand Weapons
 a - a +0 shortbow (weapon)
 m - a +0 spear
Armour
 d - a +0 ring mail
 g - a +1 scale mail (worn)
Scrolls
 b - a scroll of immolation
 p - 3 scrolls of teleportation
Potions
 c - a potion of attraction {unknown}
 e - a potion of cancellation {unknown}
 f - 2 potions of brilliance {unknown}
 n - 2 potions of lignification {unknown}


   Skills:
 + Level 2.2 Fighting
 + Level 0.1 Polearms
 + Level 4.8 Ranged Weapons
 + Level 1.4 Armour
 + Level 2.0 Dodging
 + Level 1.0 Stealth


You had 3 spell levels left.
You didn't know any spells.
Your spell library was empty.

Dungeon Overview and Level Annotations

Branches:
Dungeon (2/15)

Altars:

Annotations:
D:2 Natasha


Message History

You shoot an arrow. The arrow hits Natasha.
Natasha is severely wounded.
Natasha barely misses you. Natasha claws you but does no damage.
You shoot an arrow. The arrow closely misses Natasha.
Natasha closely misses you.
You shoot an arrow. The arrow closely misses Natasha.
Natasha closely misses you. Natasha casts a spell at you.
The magic dart hits you!
You shoot an arrow. The arrow misses Natasha.
Natasha claws you.
You shoot an arrow. The arrow hits Natasha.
Natasha is almost dead.
Natasha wildly gestures.
You feel disoriented. Natasha barely misses you.
Natasha casts a spell.
You shoot an arrow.
The arrow hits Natasha but does no damage.
Natasha is almost dead.
Natasha claws you but does no damage.
Natasha stares at you and mumbles some strange words.
The magic dart hits you!
You shoot an arrow. The arrow closely misses Natasha.
The arrow hits the crimson imp.
The crimson imp is lightly wounded.
Natasha mumbles some strange words.
You feel troubled.
Natasha stares at you and mumbles some strange words.
The magic dart hits you.
* * * LOW HITPOINT WARNING * * *
The crimson imp barely misses you.
You feel yourself speed up.
Natasha mumbles some strange words.
Natasha's front paws start to glow.
Natasha mumbles some strange words.
The crimson imp hits you but does no damage.
The white imp shouts, "Flee, thou qualling fob-snatching clack-dish!"
Natasha stares at you and mumbles some strange words.
The magic dart hits you.
You die...

.....#..........# # ..#
................. ##..#
.$ ..<..#.....<....
.... .....#........##
.... #............#
##..# . #.##†..#######
#..# ..#
#........####.# ###...#
#.###.........##......#
......#
#.......@.h55....#
.....##
#........#######...
....# #........# ....
#........# ####
##########


You could see Natasha, a crimson imp (summoned) and a white imp (summoned).

Vanquished Creatures
  An adder (D:2)
  2 dart slugs (D:1)
  5 endoplasms
  A giant cockroach (D:2)
  2 goblins
  A hobgoblin (D:1)
  4 jackals (D:1)
  3 ball pythons
  4 bats
  5 frilled lizards
  4 kobolds (D:1)
  5 rats
37 creatures vanquished.

Notes
Turn   | Place    | Note
-------+----------+-------------------------------------------
     0 | D:1      | Ghostare the Human Hunter began the quest for the Orb.
     0 | D:1      | Reached XP level 1. HP: 16/16 MP: 1/1
   218 | D:1      | Reached XP level 2. HP: 22/22 MP: 2/2
   851 | D:1      | Reached XP level 3. HP: 27/27 MP: 3/3
  1257 | D:2      | Reached skill level 1 in Armour
  1382 | D:2      | Reached XP level 4. HP: 13/33 MP: 4/4
  1595 | D:2      | Noticed Natasha
  1609 | D:2      | Killed from afar by Natasha

Illustrated notes

Levels and vault maps discovered:
D:1:      shiori_arrival_maze, layout_basic
D:2:      layout_rooms, uniq_natasha

Skill      XL: |  1  2  3 |
---------------+----------+-----
Armour         | 1 |  1.4
Fighting       | |  2.2
Polearms       | |  0.1
Ranged Weapons | |  4.8
Dodging        | |  2.0
Stealth        | |  1.0

Action                   |  1- 3 |  4- 6 || total
-------------------------+-------+-------++-------
Melee: Spear             |    52 |       ||    52
       Punch             |     1 |       ||     1
 Fire: Shortbow          |    85 |    13 ||    98
  Use: Scroll            |     6 |       ||     6
       Potion            |       |     1 ||     1
Armor: Ring mail         |    25 |       ||    25
       Scale mail        |    38 |     4 ||    42
Dodge: Dodged            |    66 |     7 ||    73

Table legend: (Time is in decaauts)
 A = Elapsed time spent in this place.
 B = Non-inter-level travel time spent in this place.
 C = Inter-level travel time spent in this place.
 D = Time resting spent in this place.
 E = Time spent auto-exploring this place.
 F = Levels seen in this place.
 G = Mean time per level.
                   A        B        C        D        E       F      G
               +--------+--------+--------+--------+--------+-----+--------+
         Total |   1657 |   1657 |      0 |    595 |    279 |   2 |  828.5 |
       Dungeon |   1657 |   1657 |      0 |    595 |    279 |   2 |  828.5 |
               +--------+--------+--------+--------+--------+-----+--------+

Top non-repeatable levels by time:
     D:1: 1263 daAuts
     D:2: 394 daAuts
